 Dungeon Crawl Stone Soup version 0.29.1-2-gbd0b4ee654 (webtiles) character file.

Game seed: 18257175280984572052

1607 Icepheonix32 the Covert (level 8, -2/54 HPs)
             Began as an Octopode Delver on Nov 18, 2022.
             Was an Initiate of Gozag.
             Constricted to death by Pikel (9 damage)
             ... on level 7 of the Dungeon.
             The game lasted 00:11:30 (7223 turns).

Icepheonix32 the Covert (Octopode Delver)           Turns: 7223, Time: 00:11:30

Health: -2/54      AC:  1    Str: 11    XL:     8   Next: 95%
Magic:  8/8        EV: 12    Int: 13    God:    Gozag
Gold:   411        SH:  0    Dex: 15    Spells: 1/7 levels left

rFire   . . .      SeeInvis .   n - +2 dagger (vamp)
rCold   . . .      Faith    .   (no shield)
rNeg    . . .      Spirit   .   (helmet restricted)
rPois   .          Reflect  .   (no amulet)
rElec   .          Harm     .   (no ring)
rCorr   .          Rampage  .   (no ring)
Will    .....                   (no ring)
Stlth   ++++++....              (no ring)
HPRegen 0.18/turn               (no ring)
MPRegen 0.11/turn               (no ring)
                                (no ring)
                                (no ring)

@: grasped by roots, constricted
A: almost no armour, amphibious, 8 rings, camouflage 1, gelatinous body 1,
(nimble swimmer 1), tentacles, passive freeze, screaming 1
a: Renounce Religion, Potion Petition, Call Merchant, Bribe Branch


You were on level 7 of the Dungeon.
You worshipped Gozag.
Gozag was aware of your devotion.
You visited 2 branches of the dungeon, and saw 8 of its levels.

You collected 535 gold pieces.
You paid 124 gold pieces to Gozag.

Inventory:

Hand Weapons
 a - a +0 short sword of flaming
 n - a +2 vampiric dagger (weapon)
 p - a +1 dagger of protection
 t - a +1 vampiric short sword
Missiles
 d - 6 silver javelins
 k - 8 poisoned darts (quivered)
Magical Staves
 r - a staff of death
Wands
 f - a wand of digging (9)
Scrolls
 b - a scroll of fog
 c - a scroll of magic mapping
 u - a scroll of teleportation
Potions
 e - 3 potions of curing
 g - a potion of heal wounds
 h - a potion of attraction
 j - 4 potions of might
 m - 2 potions of haste
 o - 2 potions of cancellation {unknown}
 q - 3 potions of flight
 s - a potion of magic


   Skills:
 + Level 4.2 Fighting
 + Level 4.5 Short Blades
 + Level 2.3 Throwing
 * Level 4.9 Dodging
 + Level 12.1 Stealth
 * Level 3.2 Ice Magic


You had one spell level left.
You knew the following spells:

 Your Spells              Type           Power      Damage    Failure   Level
a - Ozocubu's Armour      Ice            8%         N/A       26%         3
b - Tukima's Dance        Hex            0%         N/A       67%         3

Your spell library contained the following spells:

 Spells                   Type           Power      Damage    Failure   Level
 Ensorcelled Hibernation  Hex/Ice        8%         N/A       24%         2
 Passwall                 Tmut/Erth      0%         N/A       43%         2
 Portal Projectile        Hex/Tloc       0%         N/A       67%         3
 Swiftness                Air            0%         N/A       67%         3
 Dispel Undead            Necr           0%         3d6       97%         4
 Metabolic Englaciation   Hex/Ice        2%         N/A       99%         5
 Blade Hands              Tmut           0%         N/A       100%        5
 Death Channel            Necr           0%         N/A       100%        6
 Corpse Rot               Necr/Pois/Air  Unusable   N/A       N/A         4
 Simulacrum               Ice/Necr       Unusable   N/A       N/A         6

Dungeon Overview and Level Annotations

Branches:
Dungeon (7/15)             Temple (1/1) D:6

Altars:
Ashenzari
Cheibriados
Elyvilon
Fedhas
Gozag
Hepliaklqana
Kikubaaqudgha
Makhleb
Nemelex Xobeh
Okawaru
Qazlal
Sif Muna
Trog
Uskayaw
Wu Jian
Yredelemnul
The Shining One

Annotations:
D:5 2 runed translucent doors, ConnorV's ghost, amateur MiFi
D:7 Pikel


Innate Abilities, Weirdness & Mutations

You cannot wear most types of armour.
You are amphibious.
You can wear up to eight rings at the same time.
Your skin changes colour to match your surroundings (Stealth+).
Your rubbery body absorbs attacks. (AC +1, EV +1)
((You are camouflaged when in or above water. (Stealth+)))
You have tentacles for arms and can constrict up to eight enemies at once.
A frigid envelope surrounds you and freezes all who hurt you.
You occasionally shout uncontrollably at your foes.


Message History

You escape the roots grasp.
You release your grip on Pikel.
Pikel attacks as you move away! Pikel misses you.
You hit Pikel.
You feel better.
You grab Pikel. Your squeeze misses Pikel.
Pikel is lightly wounded.
You constrict Pikel, but do no damage. Pikel misses you.
You hit Pikel.
Pikel is lightly wounded.
You constrict Pikel. You hit Pikel but do no damage. You squeeze Pikel.
Pikel is moderately wounded.
You constrict Pikel.
Pikel zaps a wand.
The roots erupt in riotous growth!
The grasping roots grab you!
Pikel is unaffected.
The grasping roots constrict you!
You escape the roots grasp.
You release your grip on Pikel.
You hit the lemure. Your grab misses the lemure.
Your tentacle-slap misses the lemure.
The lemure is lightly wounded.
The lemure hits you!
The lemure is very cold.
The lemure is heavily wounded.
You closely miss the lemure. You grab the lemure. You squeeze the lemure.
The lemure is severely wounded.
You constrict the lemure, but do no damage.
The lemure completely misses you.
Unknown command.
You feel better.
You constrict the lemure. The lemure barely misses you.
You hit the lemure.
The lemure is severely wounded.
You constrict the lemure. The lemure hits you!
The lemure is very cold.
You kill the lemure!
That felt strangely unrewarding.
Pikel zaps a wand.
The roots erupt in riotous growth!
The grasping roots grab you! The grasping roots constrict you!
* * * LOW HITPOINT WARNING * * *
You escape the roots grasp.
Pikel zaps a wand.
The roots erupt in riotous growth!
The grasping roots grab you!
Pikel is unaffected.
The grasping roots constrict you!
You die...
Your body crumbles into a pile of gold.

#.... ##.... #..... #
#..... #.. ##..... ....#
#########......
#...######.....##..#....
#......##...###...####..
#....#K@..####...## ##
#(...####.......## #5...
###....## ##### #...5
###.## #...## ##..K #..#
##..... #..5 #..#
#..(^.. #...
##.###...... #..#.......
#..#.......


You could see Pikel.

Vanquished Creatures
  Sigmund (D:3)
  Duvessa (D:5)
  3 black bears
  A centaur (D:6)
  4 lemures (D:7)
  Blork the orc (D:6)
  A bullfrog (D:6)
  A necrophage (D:5)
  2 scorpions
  Dowan (D:5)
  2 howler monkeys
  A jelly (D:5)
  3 hounds (D:6)
  3 orc priests
  Jessica (D:2)
  An orc wizard (D:5)
  Terence (D:3)
  An iguana (D:4)
  A mummy (D:4)
  Robin (D:3)
  11 adders
  A white imp (D:6)
  A worm (D:2)
  3 dart slugs
  21 orcs
  8 endoplasms
  3 giant cockroaches
  8 hobgoblins
  2 jackals (D:3)
  3 quokkas
  9 ball pythons
  4 bats
  2 frilled lizards
  14 goblins
  7 kobolds
  8 rats
  A spectral orc (D:6)
137 creatures vanquished.

Vanquished Creatures (others)
  9 plants (D:3)
9 creatures vanquished.

Grand Total: 146 creatures vanquished

Notes
Turn   | Place    | Note
-------+----------+-------------------------------------------
     0 | D:5      | Icepheonix32 the Octopode Delver began the quest for the
                  | Orb.
     0 | D:5      | Reached XP level 1. HP: 16/16 MP: 1/1
    51 | D:5      | Noticed a jelly
    58 | D:5      | Killed a jelly
    59 | D:5      | Reached skill level 7 in Stealth
    59 | D:5      | Reached XP level 2. HP: 21/21 MP: 2/2
    59 | D:5      | Reached XP level 3. HP: 26/26 MP: 3/3
   101 | D:5      | Noticed Dowan
   158 | D:5      | Reached skill level 8 in Stealth
   158 | D:5      | Reached XP level 4. HP: 12/31 MP: 4/4
   643 | D:4      | Reached XP level 5. HP: 36/36 MP: 5/5
  1407 | D:4      | Found a snail-covered altar of Cheibriados.
  1413 | D:4      | Reached skill level 9 in Stealth
  1462 | D:3      | Noticed Robin
  1637 | D:3      | Noticed Sigmund
  1644 | D:3      | Killed Sigmund
  1645 | D:3      | Reached XP level 6. HP: 43/43 MP: 6/6
  1672 | D:3      | Noticed Terence
  1691 | D:3      | Killed Terence
  1822 | D:2      | Reached skill level 10 in Stealth
  1832 | D:2      | Reached XP level 7. HP: 8/47 MP: 7/7
  2198 | D:2      | Learned a level 3 spell: Ozocubu's Armour
  2493 | D:2      | Noticed Jessica
  2502 | D:2      | Killed Jessica
  3128 | D:1      | Found a faded altar of an unknown god.
  4154 | D:1      | Gained mutation: You occasionally shout uncontrollably at
                  | your foes. [potion of mutation]
  4154 | D:1      | Gained mutation: A frigid envelope surrounds you and
                  | freezes all who hurt you. [potion of mutation]
  4273 | D:3      | Killed Robin
  4455 | D:3      | Found a stormy altar of Qazlal.
  4664 | D:5      | Reached skill level 1 in Ice Magic
  4695 | D:5      | Found a runed translucent door.
  4698 | D:5      | Noticed ConnorV's ghost (amateur MiFi)
  4835 | D:5      | Noticed Duvessa
  4851 | D:5      | Killed Duvessa
  4852 | D:5      | Reached skill level 11 in Stealth
  4856 | D:5      | Killed Dowan
  4857 | D:5      | Reached XP level 8. HP: 39/54 MP: 8/8
  5033 | D:5      | Reached skill level 1 in Throwing
  5503 | D:5      | Found a runed translucent door.
  5675 | D:6      | Found a basalt altar of Yredelemnul.
  5724 | D:6      | Found a staircase to the Ecumenical Temple.
  5750 | Temple   | Entered the Ecumenical Temple
  5976 | Temple   | Became a worshipper of Gozag Ym Sagoz the Greedy
  6478 | D:6      | Noticed Blork the orc
  6495 | D:6      | Killed Blork the orc
  6508 | D:6      | Reached skill level 12 in Stealth
  7074 | D:7      | Learned a level 3 spell: Tukima's Dance
  7144 | D:7      | Noticed Pikel
  7223 | D:7      | Constricted to death by Pikel

Illustrated notes

Levels and vault maps discovered:
D:1:      scummos_arrival_hexagon, layout_basic,
          ebering_ecumenical_altar_abandoned, chequers_serial_rivers_micro_a
D:2:      layout_loops_ring, skrybe_limestone_x, palyth_stone_intersect,
          uniq_jessica
D:3:      layout_loops_ring, nicolae_qazlal_eye_of_the_storm, serial_forest,
          infiniplex_forest_straight_1, infiniplex_forest_clump_long,
          infiniplex_forest_lined_4_way, infiniplex_forest_straight_4,
          infiniplex_forest_clump_large, infiniplex_forest_lined_room_,
          uniq_sigmund, uniq_robin, uniq_terence
D:4:      layout_rooms, chei_slow_surprise
D:5:      layout_loops_cross, ebering_ghost_sewer_f, minmay_misc_feat_rugged,
          uniq_duvessa
D:6:      layout_loops_corners, yredelemnul_forgotten_temple_becter,
          minmay_temple_entry_large_hall, st_stairs_3, uniq_blork_the_orc
D:7:      layout_cave_pods, grunt_temple_overflow_order_and_chaos_1,
          lemuel_doored_altar, uniq_pikel, uniq_prince_ribbit1
Temple:   regret_index_temple_generic_petals

Skill      XL: |  1  2  3  4  5  6  7  8 |
---------------+-------------------------+-----
Stealth        | 7 8 9 10 11 12 | 12.1
Dodging        | 3 4 |  4.9
Short Blades   | 3 4 |  4.5
Ice Magic      | 1 3 |  3.2
Fighting       | 4 |  4.2
Throwing       | 2 |  2.3

Action                   |  1- 3 |  4- 6 |  7- 9 || total
-------------------------+-------+-------+-------++-------
Melee: Short sword       |    10 |    77 |    94 ||   181
       Tentacles         |     4 |    18 |    45 ||    67
       Constrict         |     3 |    16 |    41 ||    60
       Punch             |       |     1 |       ||     1
       Dagger            |       |       |   100 ||   100
Throw: Dart              |       |       |    35 ||    35
  Use: Scroll            |       |     7 |     5 ||    12
       Potion            |       |     3 |     5 ||     8
 Stab: Sleeping          |     4 |    14 |    24 ||    42
Armor: Skin              |       |     3 |    30 ||    33
Dodge: Dodged            |     1 |    41 |    85 ||   127
